 Dungeon Crawl Stone Soup version 0.27-a0-1245-g940ed4fa31 (webtiles) character file.

Game seed: 1205670676347274401

364 pokeman the Magician (level 6, -4/34 HPs)
             Began as a Deep Elf Hedge Wizard on June 9, 2021.
             Was an Initiate of Vehumet.
             Slain by an orc
             ... wielding a +2 short sword of distortion
              (5 damage)
             ... on level 6 of the Dungeon.
             The game lasted 00:11:10 (5637 turns).

pokeman the Magician (Deep Elf Hedge Wizard)        Turns: 5637, Time: 00:11:11

Health: -4/34      AC:  4    Str:  7    XL:     6   Next: 39%
Magic:  18/18      EV: 12    Int: 21    God:    Vehumet [......]
Gold:   191        SH:  0    Dex: 20    Spells: 8/19 levels left

rFire    . . .     SeeInvis +   u - +0 flail (drain)
rCold    . . .     Faith    .   (no shield)
rNeg     . . .     Spirit   .   v - +0 leather armour
rPois    .         Reflect  .   x - +1 hat
rElec    .         Harm     .   (no cloak)
rCorr    .         Rampage  .   (no gloves)
Will     .....                  (no boots)
Stlth    ++........             (no amulet)
HPRegen  0.11/turn              l - +6 ring of dexterity
MPRegen  0.16/turn              y - ring of see invisible

@: no status effects
A: no striking features
a: Renounce Religion


You were on level 6 of the Dungeon.
You worshipped Vehumet.
Vehumet was noncommittal.
You visited 1 branch of the dungeon, and saw 6 of its levels.

You collected 191 gold pieces.

Inventory:

Hand Weapons
 u - a +0 flail of draining (weapon)
Missiles
 h - 42 arrows
 o - 42 bolts
 r - 2 throwing nets
Armour
 v - a +0 leather armour (worn)
 x - a +1 hat (worn)
Jewellery
 l - a +6 ring of dexterity (left hand)
 y - a ring of see invisible (right hand)
Wands
 s - a wand of polymorph (4)
 z - a wand of flame (23)
Scrolls
 f - 3 scrolls of identify {unknown}
 i - 3 scrolls of fear {unknown}
 k - 2 scrolls of amnesia {unknown}
 m - a scroll of holy word {unknown}
 n - a scroll of blinking {unknown}
 t - a scroll of teleportation {unknown}
 w - a scroll of enchant armour {unknown}
Potions
 a - 2 potions of brilliance {unknown}
 c - a potion of might {unknown}
 d - a potion of haste {unknown}
 e - a potion of heal wounds {unknown}
 g - a potion of attraction {unknown}
 j - a potion of invisibility {unknown}
 p - a potion of curing {unknown}
 q - a potion of mutation {unknown}


   Skills:
 + Level 1.4 Fighting
 - Level 1.0 Armour
 - Level 3.0 Dodging
 - Level 3.0 Stealth
 * Level 7.0 Spellcasting
 + Level 3.2 Conjurations
 - Level 1.1 Summonings
 - Level 1.1 Translocations
 - Level 1.1 Fire Magic
 - Level 1.0 Air Magic
 - Level 1.0 Poison Magic
 + Level 0.4 Evocations


You had 8 spell levels left.
You knew the following spells:

 Your Spells              Type           Power      Damage    Failure   Level
a - Magic Dart            Conj           84%        1d7       3%          1
b - Mephitic Cloud        Conj/Pois/Air  14%        N/A       19%         3
c - Call Imp              Summ           12%        N/A       12%         2
d - Blink                 Tloc           N/A        N/A       12%         2
e - Conjure Flame         Conj/Fire      16%        6-21      16%         3

Your spell library contained the following spells:

 Spells                   Type           Power      Damage    Failure   Level
 Slow                     Hex            7%         N/A       19%         2


Dungeon Overview and Level Annotations

Branches:
Dungeon (6/15)
 Temple: D:4-7

Altars:
Vehumet

Annotations:
D:6 1 transporter, Maggie


Message History

There is a stone staircase leading down here.
You climb downwards.
You hear the hiss of flowing sand.
There is an entrance to an ossuary on this level.
Hurry and find it before the portal is buried!
Level annotation: Maggie You hear the slow hiss of a very distant avalanche of sand.
There is a stone staircase leading up here.
You climb upwards.
There is a stone staircase leading down here.
There is a stone staircase leading down here.
You climb downwards.
You hear the hiss of flowing sand.
There is an entrance to an ossuary on this level.
Hurry and find it before the portal is buried!
Level annotation: Maggie
Found an escape hatch in the ceiling.
There is a stone staircase leading up here.
Found a hunting sling.
A wight comes into view. It is wielding a +0 trident.
Found 14 gold pieces.
A wight comes into view.
It is wielding a +5 spear. 2 wights come into view.
A wight is wielding a +4 scimitar of freezing.
A wight is wielding a +2 halberd of freezing.
Found a scroll labelled JUCOFAOSUA, 39 gold pieces and 2 atropa-tipped darts.
Found a transporter.
Found a dagger.
An orc comes into view. It is wielding a +0 whip.
An orc comes into view.
It is wielding a +2 short sword of distortion.
The orc shouts! x2
The orc barely misses you. The wight misses you. The orc barely misses you.
The orc hits you with a +2 short sword of distortion.
Space warps horribly around you!
* * * LOW HITPOINT WARNING * * *
Found a mace.
You see here a +0 mace.
As you read the scroll labelled NEROAM KUMI, it crumbles to dust.
Wisps of shadow whirl around you...
It was a scroll of summoning.
The orc hits you with a +2 short sword of distortion.
* * * LOW HITPOINT WARNING * * *
Space bends around you.
You die...

## ##......#
#...##.#
##....z#
#..).z#
#....z######
#......z..o#
#.#..#####Z#
#.#....S##o#
# #..##D.@.#
....######
##... #..


You could see 2 orcs, a friendly steam dragon (summoned), a friendly adder
(summoned, wandering) and a friendly bullfrog skeleton (summoned).

Vanquished Creatures
  A black bear (D:4)
  A phantom (D:3)
  A howler monkey zombie (D:3)
  3 gnolls (D:2)
  2 adders
  A white imp (D:5)
  An adder skeleton (D:4)
  A dart slug (D:4)
  6 orcs
  7 endoplasms
  3 giant cockroaches
  14 goblins
  8 hobgoblins
  18 jackals
  2 quokkas (D:4)
  6 ball pythons
  8 bats
  5 frilled lizards
  6 kobolds
  3 rats
97 creatures vanquished.

Vanquished Creatures (collateral kills)
  An iguana (D:6)
  An orc wizard (D:3)
2 creatures vanquished.

Grand Total: 99 creatures vanquished

Notes
Turn   | Place    | Note
-------+----------+-------------------------------------------
     0 | D:1      | pokeman the Deep Elf Hedge Wizard began the quest for the
                  | Orb.
     0 | D:1      | Reached XP level 1. HP: 10/10 MP: 7/7
    80 | D:1      | Found a faded altar of an unknown god.
   299 | D:1      | Reached XP level 2. HP: 16/16 MP: 3/9
  1329 | D:1      | Reached skill level 5 in Spellcasting
  1599 | D:2      | Reached XP level 3. HP: 20/20 MP: 5/11
  1603 | D:2      | Learned a level 3 spell: Mephitic Cloud
  1606 | D:2      | Learned a level 2 spell: Call Imp
  1609 | D:2      | Learned a level 2 spell: Blink
  1613 | D:2      | Learned a level 3 spell: Conjure Flame
  1923 | D:2      | Reached skill level 1 in Armour
  2375 | D:2      | Reached skill level 1 in Fighting
  2807 | D:2      | Reached XP level 4. HP: 16/25 MP: 4/13
  3761 | D:3      | Reached skill level 6 in Spellcasting
  3761 | D:3      | Reached XP level 5. HP: 8/29 MP: 3/15
  4339 | D:3      | Noticed a phantom
  4354 | D:3      | Killed a phantom
  4355 | D:3      | Reached skill level 1 in Fire Magic
  4355 | D:3      | Reached skill level 1 in Air Magic
  5051 | D:4      | Noticed a black bear
  5071 | D:4      | Killed a black bear
  5072 | D:4      | Reached skill level 1 in Poison Magic
  5072 | D:4      | Reached XP level 6. HP: 34/34 MP: 9/17
  5338 | D:4      | Reached skill level 7 in Spellcasting
  5392 | D:4      | You fall into a shaft and drop 2 floors!
  5453 | D:6      | Noticed Maggie
  5467 | D:6      | Noticed a water moccasin
  5485 | D:5      | Entered Level 5 of the Dungeon
  5489 | D:5      | Found a radiant altar of Vehumet.
  5520 | D:5      | Became a worshipper of Vehumet
  5616 | D:6      | Found a transporter.
  5637 | D:6      | HP: 1/34 [orc/+2 short sword of distortion (1)]
  5637 | D:6      | Slain by an orc

Illustrated notes

Levels and vault maps discovered:
D:1:      nzn_arrival_depleted_hourglass, layout_basic,
          ebering_ecumenical_altar_webs, minmay_split_cup_small
D:2:      cheibrodos_greedy_goblins, layout_basic
D:3:      layout_loops_ring
D:4:      layout_loops_ring, minmay_temple_entry_waves
D:5:      layout_loops_cross, vehumet_altar_wand_db, minmay_manual_moon
D:6:      gammafunk_cloud_chamber, layout_basic,
          nicolae_qazlal_scattered_showers, gup_ossuary_entry_pyramid,
          uniq_maggie

Skill      XL: |  1  2  3  4  5  6 |
---------------+-------------------+-----
Spellcasting   | 5 6 7 |  7.0
Armour         | 1 |  1.0
Conjurations   | 2 3 |  3.2
Fighting       | 1 |  1.4
Dodging        | 3 |  3.0
Fire Magic     | 1 |  1.1
Air Magic      | 1 |  1.0
Poison Magic   | 1 |  1.0
Stealth        | 3 |  3.0
Summonings     | |  1.1
Translocations | |  1.1
Evocations     | |  0.4

Action                   |  1- 3 |  4- 6 || total
-------------------------+-------+-------++-------
Melee: Dagger            |    29 |    19 ||    48
       Flail             |       |    10 ||    10
 Cast: Magic Dart        |   122 |   122 ||   244
       Mephitic Cloud    |       |     4 ||     4
       Call Imp          |       |     3 ||     3
       Conjure Flame     |       |     1 ||     1
  Use: Scroll            |       |     1 ||     1
 Stab: Confused          |       |     1 ||     1
Armor: Robe              |    11 |     2 ||    13
       Leather armour    |       |     6 ||     6
Dodge: Dodged            |    37 |    49 ||    86

Table legend: (Time is in decaauts)
 A = Elapsed time spent in this place.
 B = Non-inter-level travel time spent in this place.
 C = Inter-level travel time spent in this place.
 D = Time resting spent in this place.
 E = Time spent auto-exploring this place.
 F = Levels seen in this place.
 G = Mean time per level.
                   A        B        C        D        E       F      G
               +--------+--------+--------+--------+--------+-----+--------+
         Total |   5638 |   5545 |     93 |    717 |   4058 |   6 |  939.7 |
       Dungeon |   5638 |   5545 |     93 |    717 |   4058 |   6 |  939.7 |
               +--------+--------+--------+--------+--------+-----+--------+

Top non-repeatable levels by time:
     D:2: 1776 daAuts
     D:3: 1614 daAuts
     D:1: 1592 daAuts
     D:4: 406 daAuts
     D:5: 125 daAuts
     D:6: 123 daAuts
